 Dungeon Crawl Stone Soup version 0.24.0-125-gc4c63601f3 (webtiles) character file.

Game seed: 10610764027007940194, levelgen mode: deterministic

53 Descartes the Magician (level 3, -4/19 HPs)
             Began as a Deep Elf Wizard on Mar 20, 2020.
             Slain by a gnoll
             ... wielding a +0 club
              (8 damage)
             ... on level 2 of the Dungeon.
             The game lasted 00:04:32 (1368 turns).

Descartes the Magician (Deep Elf Wizard)            Turns: 1368, Time: 00:04:33

Health: -4/19      AC:  2    Str:  4    XL:     3   Next: 62%
Magic:  5/11       EV: 13    Int: 23    God:
Gold:   24         SH:  0    Dex: 13    Spells: 11/12 levels left

rFire    . . .     SeeInvis .   f - -2 dagger (curse)
rCold    . . .     Gourm    .   (no shield)
rNeg     . . .     Faith    .   a - +0 robe
rPois    .         Spirit   .   b - +0 hat
rElec    .         Reflect  .   (no cloak)
rCorr    .         Harm     .   (no gloves)
MR       .....                  (no boots)
Stlth    ++........             (no amulet)
HPRegen  0.06/turn              (no ring)
MPRegen  0.12/turn              (no ring)

@: no status effects
A: no striking features
a: no special abilities


You were on level 2 of the Dungeon.
You were not hungry.

You visited 1 branch of the dungeon, and saw 2 of its levels.

You collected 24 gold pieces.

Inventory:

Hand Weapons
 f - a cursed -2 dagger (weapon)
Missiles
 c - 42 stones (quivered)
Armour
 a - a +0 robe (worn)
 b - a +0 hat (worn)
Scrolls
 e - 2 scrolls of amnesia {unknown}
 j - 2 scrolls of identify {unknown}
 n - a scroll of immolation {unknown}
Potions
 h - a potion of brilliance {unknown}
 i - a potion of ambrosia {unknown}
 k - a potion of haste {unknown}
 l - a potion of mutation {unknown}
 m - a potion of flight {unknown}
Comestibles
 d - a ration


   Skills:
 + Level 3.0 Dodging
 + Level 3.1 Stealth
 * Level 5.1 Spellcasting
 * Level 2.3 Conjurations
   Level 1.1 Summonings
   Level 1.1 Translocations


You had 11 spell levels left.
You knew the following spells:

 Your Spells              Type           Power        Failure   Level  Hunger
a - Magic Dart            Conj           ###.         3%          1    None

Your spell library contained the following spells:

 Spells                   Type           Power        Failure   Level  Hunger
 Blink                    Tloc           N/A          9%          2    None
 Call Imp                 Summ           ##......     9%          2    None
 Slow                     Hex            #.......     14%         2    None
 Conjure Flame            Conj/Fire      ##......     17%         3    ##.....
 Mephitic Cloud           Conj/Pois/Air  #.......     21%         3    ##.....


Dungeon Overview and Level Annotations

Branches:
Dungeon (2/15)

Altars:

Annotations:
D:2 1 runed translucent door, Crazy Yiuf


Message History

Casting: Magic Dart (safe; 3% risk of failure)
Confirm with . or Enter, or press ? or * to list all spells.
Aiming: Magic Dart (safe; 3% risk of failure)
Press: ? - help, Shift-Dir - straight line, f/p - gnoll
Aim: a gnoll, wielding a +0 club (moderately wounded)
The magic dart hits the gnoll.
The gnoll is heavily wounded.
Casting: Magic Dart (safe; 3% risk of failure)
Confirm with . or Enter, or press ? or * to list all spells.
Aiming: Magic Dart (safe; 3% risk of failure)
Press: ? - help, Shift-Dir - straight line, f/p - gnoll
Aim: a gnoll, wielding a +0 club (heavily wounded)
The magic dart hits the gnoll.
The gnoll is heavily wounded.
The gnoll hits you with a +0 club!
The gnoll hits you from afar with a +0 spear!
* * * LOW HITPOINT WARNING * * *
A ball python comes into view.
The gnoll hits you with a +0 club!
You die...

######## #......## #####
........## #...#
.........# #...#
.........# #...#
.........# #...##
##.......# #....##
#.......# #..@..##
#......### #..g#..#
##>.......# #..g##.##
.#........# #.......#
..........####..[#...##
............######S)..#...
.#...........)...#......#
##......##..####........#
#.....####.# ##.......#


You could see 2 gnolls.

Vanquished Creatures
  2 gnolls (D:2)
  An adder (D:2)
  3 giant cockroaches (D:1)
  2 goblins
  3 hobgoblins
  4 jackals (D:1)
  2 bats
  A frilled lizard (D:1)
  3 kobolds (D:1)
  4 rats
25 creatures vanquished.

Notes
Turn   | Place    | Note
-------+----------+-------------------------------------------
     0 | D:1      | Descartes the Deep Elf Wizard began the quest for the Orb.
     0 | D:1      | Reached XP level 1. HP: 10/10 MP: 7/7
   275 | D:1      | Reached XP level 2. HP: 15/15 MP: 5/9
  1128 | D:2      | Reached skill level 5 in Spellcasting
  1128 | D:2      | Reached XP level 3. HP: 19/19 MP: 5/11
  1230 | D:2      | Found a runed translucent door.
  1231 | D:2      | Noticed Crazy Yiuf
  1368 | D:2      | Slain by a gnoll

Levels and vault maps discovered:
D:1:      dpeg_arrival_shrine, layout_basic, kennysheep_decorative_pillar,
          chequers_serial_rivers_micro_e
D:2:      layout_rooms, first_ration, serial_bayou_pond_c, uniq_robin,
          uniq_crazy_yiuf_cottage

Skill      XL: |  1  2  3 |
---------------+----------+-----
Spellcasting   | 5 |  5.1
Conjurations   | 2 |  2.3
Stealth        | 3 |  3.1
Dodging        | 3 |  3.0
Summonings     | |  1.1
Translocations | |  1.1

Action                   || total
-------------------------++-------
 Cast: Magic Dart        ||    67
  Eat: Chunk             ||     1
Armor: Robe              ||     3
Dodge: Dodged            ||     8
